[Event "Titled Tuesday Blitz June 21 Late 2022"]
[White "Veiga, Jose Francisco R P Neves"]
[Black "Tanenbaum, Zachary"]
[WhiteFideId "1930087"]
[BlackFideId "2060850"]
[WhiteElo "2326"]
[BlackElo "2175"]
[Result "1/2-1/2"]
[Round "05"]
[TimeControl "180+1"]
[Date "2022.06.21"]
[WhiteClock "0:00:19"]
[BlackClock "0:00:05"]

1. e4 e5 2. Nf3 Nc6 3. Bb5 a6 4. Ba4 d6 5. O-O Nf6 6. d3 b5 7. Bb3 Na5 8. Nc3 Be7 9. Bg5 h6 10. Bh4 O-O 11. Re1 Bb7 12. Bxf6 Bxf6 13. Bd5 c6 14. Bb3 Re8 15. Ne2 d5 16. Ng3 g6 17. c3 Nxb3 18. axb3 c5 19. c4 d4 20. Qc2 Qd6 21. Ra5 Bd8 22. Ra2 h5 23. h3 h4 24. Nf1 f5 25. N1d2 Rc8 26. Qd1 Qf6 27. Qe2 Bc7 28. Nh2 Re7 29. Raa1 Rf8 30. Rac1 Bd6 31. Rc2 Ref7 32. Nhf3 Re7 33. Nh2 Kg7 34. Nhf3 Bc8 35. Nh2 Qg5 36. Ndf3 Qf4 37. Qd2 fxe4 38. Rxe4 Qf6 39. Qe1 Bf5 40. Ng4 Qe6 41. Ng5 Qd7 42. Rce2 Bxe4 43. Nxe4 Rf5 44. f3 Re6 45. Qxh4 Rh5 46. Qg3 Be7 47. Qh2 bxc4 48. bxc4 Qa4 49. Kf2 Qd1 50. Qg1 Bh4+ 51. g3 Qxg1+ 52. Kxg1 Be7 53. Kg2 Rc6 54. b3 Rc8 55. Rb2 Rb8 56. Nd2 Rhh8 57. Nf2 Bf6 58. Ra2 Rb6 59. Nfe4 Be7 60. Nf2 Rhb8 61. Ra3 Kf6 62. Nfe4+ Ke6 63. Nf2 Kd7 64. Nfe4 Kc6 65. Nf2 Kb7 66. Nfe4 Rc6 67. Nf2 Ra8 68. Nfe4 a5 69. h4 a4 70. bxa4 Rca6 71. Rb3+ Kc7 72. Rb5 Ra5 73. Rxa5 Rxa5 74. Nb3 Rxa4 75. Nbxc5 Ra2+ 76. Kh3 Bxc5 77. Nxc5 Kc6 78. Ne4 Ra3 79. Nf2 Ra2 80. Kg2 Re2 81. Kf1 Re3 82. Kg2 Kc5 83. g4 Kd6 84. Kg3 Ke6 85. Kg2 Kf7 86. Kg3 Re2 87. Kg2 Rd2 88. Kg3 g5 89. h5 Kg7 90. Kg2 Kh6 91. Kf1 Rc2 92. Kg2 Re2 93. Kf1 Re3 94. Kg2 Re1 95. Kg3 Rf1 96. Kg2 Rc1 97. Ne4 Rd1 98. Nf2 Rd2 99. Kf1 Rc2 100. Ke1 Rc1+ 101. Ke2 Rc2+ 102. Ke1 Rc1+ 103. Kd2 Ra1 104. Ke2 Ra2+ 105. Ke1 Rc2 106. Ne4 Rb2 107. Ng3 Rb3 108. Nf5+ Kh7 109. Kd2 Rb2+ 110. Kc1 Rb3 111. Kc2 Rc3+ 112. Kd2 Ra3 113. Ne7 Ra2+ 114. Kd1 Ra3 115. Kd2 Ra2+ 116. Kd1 Ra1+ 117. Ke2 Ra3 118. Nc6 Ra2+ 119. Ke1 Ra1+ 120. Kf2 Ra2+ 121. Kg3 Re2 122. c5 Rc2 123. Nxe5 Rxc5 124. f4 gxf4+ 125. Kxf4 Rc1 126. Ke4 Kg7 127. Kxd4 Kf6 128. Nf3 Rf1 129. Ke4 Rf2 130. Kf4 Re2 131. d4 Ke6 132. g5 Rg2 133. h6 Kf7 134. Kf5 Kg8 135. Ne5 Rf2+ 136. Kg6 Rf1 137. h7+ Kh8 138. Nf7+ Rxf7 139. Kxf7 Kxh7 140. g6+ Kh6 141. g7 Kg5 142. g8=Q+ Kf5 143. Qg6+ Kf4 144. Qe6 Kg5 145. d5 Kh5 146. d6 Kg5 147. d7 Kh5 148. d8=Q 1/2-1/2


[Site "https://www.chess.com"]

[Event "Titled Tuesday Blitz June 21 Late 2022"]
[White "Vidonyak, Roman"]
[Black "Desideri, Ricardo Maruchi"]
[WhiteFideId "14100622"]
[BlackFideId "2110440"]
[WhiteElo "2354"]
[BlackElo "1945"]
[Result "1-0"]
[Round "05"]
[TimeControl "180+1"]
[Date "2022.06.22"]
[WhiteClock "0:00:10"]
[BlackClock "0:00:01"]

1. d4 Nf6 2. c4 c5 3. d5 e6 4. Nc3 exd5 5. cxd5 d6 6. e4 g6 7. f4 Bg7 8. Bb5+ Nfd7 9. Be2 O-O 10. Nf3 Re8 11. O-O Nf6 12. e5 dxe5 13. fxe5 Ng4 14. Bg5 Qb6 15. d6 c4+ 16. Kh1 Be6 17. Qa4 Nd7 18. Bxc4 Nf2+ 19. Rxf2 Bxc4 20. Rd2 Be6 21. Re1 Rac8 22. Nd4 Rc4 23. Qa3 Rxd4 24. Be3 Bxe5 25. Bxd4 Bxd4 26. Na4 Qa5 27. b4 Qd5 28. Red1 Bg4 29. Qd3 Bxd1 30. Rxd1 Re3 31. Qd2 Qe5 32. h3 Bb6 33. Nb2 Nf6 34. Nc4 Qe4 35. Nxe3 Bxe3 36. d7 Nxd7 37. Qxd7 Kg7 38. Qd3 Qf4 39. Qc3+ Kh6 40. Qd3 Bb6 41. Rf1 Qe5 42. Qd2+ Kg7 43. Qf4 Qc3 44. Qxf7+ Kh6 45. Qf8+ Kh5 46. g4+ Kh4 47. Qf3 Qxf3+ 48. Rxf3 a6 49. Kg2 h6 50. Rf6 h5 51. Rxb6 hxg4 52. hxg4 1-0


[Site "https://www.chess.com"]

[Event "Titled Tuesday Blitz June 21 Late 2022"]
[White "Vifleemskaia, Svetlana"]
[Black "Souleidis, Georgios"]
[WhiteFideId "4129490"]
[BlackFideId "4206827"]
[WhiteElo "1929"]
[BlackElo "2401"]
[Result "1-0"]
[Round "05"]
[TimeControl "180+1"]
[Date "2022.06.22"]
[WhiteClock "0:00:06"]
[BlackClock "0:00:02"]

1. d4 Nf6 2. c4 g6 3. Nc3 Bg7 4. e4 d6 5. Nge2 O-O 6. Ng3 e5 7. d5 a5 8. Be2 Na6 9. O-O Nc5 10. Be3 b6 11. Qd2 Bd7 12. Bh6 Ne8 13. b3 Qe7 14. Bxg7 Nxg7 15. Rae1 f5 16. exf5 gxf5 17. f4 e4 18. Qd4 Qh4 19. Qf2 Qf6 20. Qe3 Qg6 21. Rb1 h5 22. a3 h4 23. Nh1 Qf6 24. b4 axb4 25. axb4 Na4 26. Nd1 Ra7 27. Nhf2 Rfa8 28. Nh3 Be8 29. Ng5 Bd7 30. Qf2 Qh6 31. Qd4 Ne8 32. g3 hxg3 33. hxg3 Qf6 34. Qe3 Qg7 35. Kg2 Nf6 36. Rh1 Re8 37. Nf2 Rea8 38. Rh4 Ng4 39. Nxg4 fxg4 40. Bxg4 Qc3 41. Qe2 Bxg4 42. Rxg4 Kf8 43. Ne6+ Ke8 44. Qxe4 Qd2+ 45. Kh3 Nc3 46. Qg6+ Kd7 47. Qf7+ Kc8 48. Qe8+ 1-0


[Site "https://www.chess.com"]

[Event "Titled Tuesday Blitz June 21 Late 2022"]
[White "Vivas Zamora, Fabian Ernesto"]
[Black "Gorodetzky, David"]
[WhiteFideId "3902480"]
[BlackFideId "2813416"]
[WhiteElo "2014"]
[BlackElo "2494"]
[Result "0-1"]
[Round "05"]
[TimeControl "180+1"]
[Date "2022.06.21"]
[WhiteClock "0:00:04"]
[BlackClock "0:01:16"]

1. e4 c6 2. Nf3 d5 3. Nc3 Bg4 4. h3 Bxf3 5. Qxf3 Nf6 6. Be2 g6 7. e5 Nfd7 8. d4 e6 9. h4 h5 10. Bg5 Be7 11. Qf4 a6 12. O-O-O c5 13. g4 Bxg5 14. hxg5 h4 15. dxc5 Qc7 16. Nxd5 exd5 17. Rxd5 Nc6 18. Rhd1 O-O-O 19. Qxf7 Ndxe5 20. Qe6+ Kb8 21. f4 Rde8 22. Qd6 Qxd6 23. cxd6 Nd7 24. Bd3 Nb4 25. Bxg6 Reg8 26. Bf7 Nxd5 27. Bxg8 Nxf4 28. Bf7 Ne5 29. g6 Nfxg6 30. Bd5 Nf4 31. Be4 h3 32. g5 h2 33. d7 Kc7 34. Bh1 Nxd7 35. Rf1 Ne2+ 36. Kd2 Ng3 37. Re1 Ne5 38. Ke3 Nxh1 39. Rxh1 Kd6 40. Kf4 Rh3 41. b3 Ke6 42. g6 Nxg6+ 43. Kg4 Rh7 44. Kg3 Kf5 45. Rxh2 Rxh2 46. Kxh2 Ke4 47. Kg3 Ke3 48. Kg4 Kd2 49. c4 Kc3 50. Kf5 Kb2 51. Kxg6 Kxa2 52. b4 Kb3 53. b5 Kxc4 54. bxa6 bxa6 55. Kf5 a5 56. Ke4 a4 57. Ke3 a3 58. Kd2 a2 0-1


[Site "https://www.chess.com"]

[Event "Titled Tuesday Blitz June 21 Late 2022"]
[White "Vu, Bui Thi Thanh Van"]
[Black "Estrada Nieto, Julian"]
[WhiteFideId "12408921"]
[BlackFideId "5101018"]
[WhiteElo "1602"]
[BlackElo "2252"]
[Result "1-0"]
[Round "05"]
[TimeControl "180+1"]
[Date "2022.06.22"]
[WhiteClock "0:00:45"]
[BlackClock "0:00:05"]

1. e4 e5 2. Nf3 Nc6 3. Bb5 a6 4. Ba4 Nf6 5. O-O Be7 6. Re1 b5 7. Bb3 d6 8. c3 O-O 9. h3 Bb7 10. d4 Re8 11. Bxf7+ Kxf7 12. Qb3+ Kf8 13. Ng5 d5 14. Ne6+ Kg8 15. Nxd8 Raxd8 16. exd5 Na5 17. Qc2 e4 18. Nd2 Bxd5 19. Nf1 c5 20. Be3 Nc4 21. Rad1 Nxe3 22. Nxe3 Bb7 23. Nf5 c4 24. Qd2 Bc8 25. Qg5 Bxf5 26. Qxf5 Rd5 27. Qe6+ Kf8 28. Qxa6 Bd6 29. Re2 Re6 30. Qc8+ Kf7 31. Rde1 Re8 32. Qb7+ Re7 33. Qc6 Re6 34. Kf1 Bf4 35. Qb7+ Re7 36. Qa6 e3 37. fxe3 Bg3 38. e4 Rd6 39. Qxb5 Bxe1 40. Qxc4+ Kg6 41. e5 Rdd7 42. Kxe1 Nd5 43. Qd3+ Kf7 44. Qf5+ Kg8 45. Rf2 g6 46. Qf8# 1-0


[Site "https://www.chess.com"]

[Event "Titled Tuesday Blitz June 21 Late 2022"]
[White "Wachinger, Guenther"]
[Black "Tologon tegin, Semetei"]
[WhiteFideId "4604261"]
[BlackFideId "13800574"]
[WhiteElo "2212"]
[BlackElo "2174"]
[Result "1-0"]
[Round "05"]
[TimeControl "180+1"]
[Date "2022.06.22"]
[WhiteClock "0:00:21"]
[BlackClock "0:00:12"]

1. e4 c6 2. c4 d5 3. cxd5 cxd5 4. exd5 Nf6 5. Nc3 Nxd5 6. Nf3 Nc6 7. Bb5 Nb4 8. d4 e6 9. a3 Nd5 10. O-O Be7 11. Re1 O-O 12. Ba4 Nxc3 13. bxc3 Bf6 14. Qd3 Ne7 15. Bc2 Ng6 16. a4 b6 17. a5 bxa5 18. Rb1 Qc7 19. Ba3 Rd8 20. h4 h5 21. Qe2 Qxc3 22. Bxg6 Qxa3 23. Be4 Bd7 24. Bxa8 Rxa8 25. Ne5 Bxe5 26. Qxe5 g6 27. Rb8+ Rxb8 28. Qxb8+ Kg7 29. Qe5+ Kg8 30. Rb1 Kh7 31. Rb8 Qc1+ 32. Kh2 Bc8 33. Qf6 Qc7+ 34. Qe5 Qxe5+ 35. dxe5 Ba6 36. Ra8 Kg7 37. Rxa7 Bc4 38. Rxa5 Bd5 39. f4 Kf8 40. Ra7 Kg7 41. Kg3 Kf8 42. Kf2 Kg7 43. g3 Be4 44. Ke3 Bf5 45. Kd4 Bc2 46. Kc5 Bf5 47. Kd6 g5 48. fxg5 Bg6 49. Ke7 Kg8 50. Ra4 Kg7 51. Rf4 Kg8 52. Rf2 Kg7 53. Rf6 1-0


[Site "https://www.chess.com"]

[Event "Titled Tuesday Blitz June 21 Late 2022"]
[White "Wang, Isaac"]
[Black "Pesotskiy, Mikhail"]
[WhiteFideId "30977185"]
[BlackFideId "34164453"]
[WhiteElo "2301"]
[BlackElo "2010"]
[Result "0-1"]
[Round "05"]
[TimeControl "180+1"]
[Date "2022.06.22"]
[WhiteClock "0:00:16"]
[BlackClock "0:01:13"]

1. d4 Nf6 2. c4 e6 3. Nc3 Bb4 4. f3 c5 5. d5 O-O 6. e4 Re8 7. Ne2 b5 8. e5 exd5 9. exf6 d4 10. Bd2 dxc3 11. bxc3 Ba5 12. fxg7 bxc4 13. Kf2 d5 14. Be3 Qe7 15. Qd2 d4 16. Bg5 f6 17. Bf4 Nc6 18. g3 Bf5 19. Qc1 Bd3 20. Ng1 Bxc3 21. Bxd3 cxd3 22. Rb1 Nb4 23. Qd1 c4 24. a3 Nd5 25. Bd2 Bxd2 26. Qxd2 Qe3+ 27. Qxe3 dxe3+ 28. Kg2 c3 0-1


[Site "https://www.chess.com"]

[Event "Titled Tuesday Blitz June 21 Late 2022"]
[White "Weisz, Bryan"]
[Black "Mahdavi, Reza"]
[WhiteFideId "30934133"]
[BlackFideId "12595926"]
[WhiteElo "2266"]
[BlackElo "2712"]
[Result "0-1"]
[Round "05"]
[TimeControl "180+1"]
[Date "2022.06.22"]
[WhiteClock "0:02:03"]
[BlackClock "0:02:16"]

1. e4 c5 2. Nf3 e6 3. d4 cxd4 4. Nxd4 Nc6 5. Nb5 a6 6. Nd6+ Bxd6 7. Qxd6 Qe7 8. Qg3 Nf6 9. Qxg7 Rg8 10. Qh6 Nxe4 11. Qxh7 Nf6 12. Qh6 d5 13. Bg5 Rxg5 14. Qxg5 Qb4+ 15. Qd2 Qxb2 16. Qc3 Qc1+ 17. Ke2 Ne4 18. Qh8+ Ke7 19. Na3 Qd2+ 20. Kf3 Qxf2+ 21. Kg4 Qf5+ 22. Kh4 Qg5+ 23. Kh3 e5+ 24. g4 Qxg4# 0-1


[Site "https://www.chess.com"]

[Event "Titled Tuesday Blitz June 21 Late 2022"]
[White "Winkels, Marcel"]
[Black "Arnold, Ken"]
[WhiteFideId "1003887"]
[BlackFideId "2056836"]
[WhiteElo "1900"]
[BlackElo "2316"]
[Result "0-1"]
[Round "05"]
[TimeControl "180+1"]
[Date "2022.06.22"]
[WhiteClock "0:00:45"]
[BlackClock "0:00:19"]

1. f4 c6 2. Nf3 d5 3. g3 Nf6 4. Bg2 Bg4 5. O-O Nbd7 6. d3 Qc7 7. Nbd2 e5 8. fxe5 Nxe5 9. Nxe5 Qxe5 10. Nf3 Bxf3 11. exf3 Bc5+ 12. Kh1 O-O 13. c3 Bb6 14. Re1 Qd6 15. Bf4 Qd7 16. Be5 Qf5 17. a4 Rfe8 18. d4 Nd7 19. Bf4 g5 20. Bd2 Bc7 21. Qb1 Rxe1+ 22. Bxe1 Qxb1 23. Rxb1 Re8 24. Bf1 Nf6 25. Bd2 h6 26. Re1 Rxe1 27. Bxe1 Ne8 28. Bd2 Kf8 29. h4 f6 30. Bh3 Ke7 31. h5 Bxg3 32. Kg2 Bc7 33. Bc8 Nd6 34. Bg4 f5 35. Bh3 Kf6 36. b3 Ne8 37. Kf2 Ng7 38. Bf1 a6 39. b4 Nxh5 40. b5 axb5 41. axb5 Ng7 42. c4 Ne6 43. Bc3 Bf4 44. b6 h5 45. c5 g4 46. fxg4 hxg4 47. Ba6 bxa6 48. b7 Bb8 49. Ba5 Nc7 50. Bb6 Nb5 51. Ba7 Bxa7 0-1


[Site "https://www.chess.com"]

[Event "Titled Tuesday Blitz June 21 Late 2022"]
[White "Xiong, Jeffery"]
[Black "Yuan, Qingyu"]
[WhiteFideId "2047640"]
[BlackFideId "8609772"]
[WhiteElo "2714"]
[BlackElo "2359"]
[Result "1-0"]
[Round "05"]
[TimeControl "180+1"]
[Date "2022.06.21"]
[WhiteClock "0:00:23"]
[BlackClock "0:00:01"]

1. e4 c6 2. d4 d5 3. e5 c5 4. dxc5 e6 5. Nf3 Bxc5 6. Bd3 f6 7. O-O Nc6 8. Bf4 g5 9. Be3 Bxe3 10. fxe3 f5 11. c4 g4 12. Nd4 Nge7 13. Nc3 Nxe5 14. cxd5 Nxd5 15. Bb5+ Kf7 16. Nxf5 Nxc3 17. Nd4+ Kg7 18. bxc3 Qg5 19. Rf4 a6 20. Ba4 b5 21. Bb3 Re8 22. a4 Ng6 23. Rxg4 Qxe3+ 24. Kh1 e5 25. Rg3 Qh6 26. Bd5 Rb8 27. axb5 axb5 28. Ra7+ Kh8 29. Nc6 Rb6 30. Bf7 Rf8 31. Bxg6 hxg6 32. Nxe5 Rbf6 33. Ra1 Qf4 34. Nxg6+ Rxg6 35. Rxg6 Qf5 36. Qd4+ Rf6 37. Qxf6+ 1-0


[Site "https://www.chess.com"]

[Event "Titled Tuesday Blitz June 21 Late 2022"]
[White "Yoo, Christopher Woojin"]
[Black "Bortnyk, Mykola"]
[WhiteFideId "30909694"]
[BlackFideId "14120836"]
[WhiteElo "2105"]
[BlackElo "2582"]
[Result "1-0"]
[Round "05"]
[TimeControl "180+1"]
[Date "2022.06.21"]
[WhiteClock "0:00:04"]
[BlackClock "0:00:02"]

1. e4 Nf6 2. Nc3 d5 3. exd5 Nxd5 4. Bc4 Nb6 5. Bb5+ c6 6. Be2 Bf5 7. Nf3 N8d7 8. a4 e6 9. a5 Nd5 10. a6 bxa6 11. Nd4 Qf6 12. Nxf5 Qxf5 13. O-O Bd6 14. Rxa6 Nb4 15. Ra1 Nxc2 16. Bg4 Qe5 17. g3 Nxa1 18. d4 Qa5 19. Bf3 O-O 20. Bxc6 Rad8 21. Be3 Qb6 22. d5 Bc5 23. Na4 Qb4 24. Bd2 Qd4 25. Qe2 Nb3 26. Bc3 exd5 27. Bxd4 Nxd4 28. Qa6 Nb8 29. Qd3 Nbxc6 30. Nxc5 Ne5 31. Qa6 Rc8 32. b4 Rc6 33. Qxa7 Rh6 34. Kg2 Ndf3 35. Rh1 Rg6 36. h4 h5 37. b5 Nd4 38. b6 Ndc6 39. Qa4 Rf6 40. b7 Ng4 41. Rf1 Re8 42. Nd7 Rfe6 43. Qb5 Nb8 44. Nxb8 Rxb8 45. Rc1 Kh7 46. Rc8 Rf6 47. Rxb8 Rxf2+ 48. Kg1 1-0


[Site "https://www.chess.com"]

[Event "Titled Tuesday Blitz June 21 Late 2022"]
[White "Zanette, Edgard Vinicius"]
[Black "Wagner, Dinara"]
[WhiteFideId "2109263"]
[BlackFideId "24157570"]
[WhiteElo "2182"]
[BlackElo "2216"]
[Result "0-1"]
[Round "05"]
[TimeControl "180+1"]
[Date "2022.06.22"]
[WhiteClock "0:00:02"]
[BlackClock "0:00:25"]

1. e4 c5 2. Nc3 Nc6 3. g3 g6 4. Bg2 Bg7 5. d3 d6 6. f4 e6 7. Nf3 Nge7 8. O-O O-O 9. Be3 b6 10. Bf2 f5 11. Re1 Rb8 12. exf5 gxf5 13. Ng5 Rf6 14. Ne2 h6 15. Nf3 Rf8 16. c3 e5 17. Qc2 Ng6 18. Rad1 Bd7 19. Nd2 Kh8 20. Nc4 Qf6 21. Kh1 Rg8 22. Rg1 Rbe8 23. Bd5 Rgf8 24. Rde1 b5 25. Ne3 Nce7 26. Bg2 Bc6 27. Bxc6 Nxc6 28. Nd5 Qf7 29. c4 bxc4 30. dxc4 Nb4 31. Nxb4 cxb4 32. Qd2 Qb7+ 33. Qd5 Qc7 34. Rd1 Ne7 35. Qxd6 Qxc4 36. Qd3 Qc6+ 37. Rg2 Ng6 38. Qd5 Qa6 39. Bc5 Rg8 40. Bxb4 Qb6 41. Qd6 Qb7 42. Qxg6 exf4 43. Nxf4 Qxb4 44. Qf7 Re1+ 45. Rg1 Qe4+ 46. Ng2 Rxd1 47. Rxd1 Rc8 48. h4 Qf3 49. Rg1 Rc2 50. Qxa7 Qxg3 51. a4 Qh3# 0-1


[Site "https://www.chess.com"]

[Event "Titled Tuesday Blitz June 21 Late 2022"]
[White "Zhigalko, Sergei"]
[Black "Grischuk, Alexander"]
[WhiteFideId "13502956"]
[BlackFideId "4126025"]
[WhiteElo "2662"]
[BlackElo "2762"]
[Result "1/2-1/2"]
[Round "05"]
[TimeControl "180+1"]
[Date "2022.06.21"]
[WhiteClock "0:00:01"]
[BlackClock "0:00:06"]

1. e4 e6 2. d4 d5 3. e5 c5 4. c3 Nc6 5. Nf3 Qb6 6. a3 c4 7. Nbd2 Na5 8. Be2 Bd7 9. O-O Ne7 10. h4 h6 11. h5 O-O-O 12. Nh2 Kb8 13. Rb1 Ka8 14. f4 Nc8 15. Bg4 f5 16. exf6 gxf6 17. Nhf3 Rg8 18. Nh4 Nd6 19. Ng6 f5 20. Be2 Bg7 21. Kh2 Be8 22. Ne5 Bf6 23. g3 Rg7 24. Rg1 Bc6 25. Rg2 Rdg8 26. Bf3 Be8 27. Nf1 a6 28. Be3 Qc7 29. Nd2 Qe7 30. Qe2 Ba4 31. Rbg1 Qc7 32. Ng6 Qb6 33. Nf1 Re8 34. g4 fxg4 35. Bxg4 Nc6 36. Ng3 Bh4 37. Nxh4 Bc2 38. Qxc2 Rxg4 39. Ng6 Ne7 40. Qe2 Rxg6 41. hxg6 Nxg6 42. Qh5 Ne7 43. f5 exf5 44. Bf4 Rd8 45. Kh1 Ne4 46. Nxf5 Nxf5 47. Qxf5 Ka7 48. Bh2 Qb3 49. Re2 h5 50. Qxh5 Qb6 51. Qe5 Qh6 52. Rxe4 dxe4 53. Qxe4 Qd2 54. Qg2 Qd3 55. Rf1 Rh8 56. Qf3 Qd2 57. Rf2 Qc1+ 58. Kg2 Rg8+ 59. Bg3 Rh8 60. Rf1 Qxb2+ 61. Rf2 Qc1 62. Rf1 Qb2+ 63. Rf2 Qc1 64. Rf1 Qb2+ 1/2-1/2


[Site "https://www.chess.com"]

[Event "Titled Tuesday Blitz June 21 Late 2022"]
[White "Zhou, Qiyu"]
[Black "Reprintsev, Alexander"]
[WhiteFideId "505161"]
[BlackFideId "14100541"]
[WhiteElo "1925"]
[BlackElo "2108"]
[Result "0-1"]
[Round "05"]
[TimeControl "180+1"]
[Date "2022.06.22"]
[WhiteClock "0:00:07"]
[BlackClock "0:00:18"]

1. e4 d5 2. exd5 Qxd5 3. Nc3 Qa5 4. Bc4 Nf6 5. d4 Bg4 6. f3 Be6 7. Bxe6 fxe6 8. Qe2 Nc6 9. Be3 Nd5 10. Qd2 g6 11. Nge2 Bg7 12. O-O-O O-O-O 13. Kb1 Nb6 14. Bf2 e5 15. Qg5 exd4 16. Qxa5 Nxa5 17. Bxd4 e5 18. Bc5 Nd7 19. Be3 Nc4 20. Bc1 Nf6 21. b3 Nd6 22. Ng3 Rhe8 23. Rhe1 h5 24. Bg5 Rd7 25. Rd2 Nh7 26. Be3 Nf5 27. Nxf5 gxf5 28. Red1 Rxd2 29. Rxd2 e4 30. fxe4 Bxc3 31. Rd3 Be5 32. exf5 Bxh2 33. Bh6 Bd6 34. Rf3 Nf6 35. Bg7 Re1+ 36. Kb2 Be5+ 37. c3 Re2+ 38. Ka3 Rxg2 39. Bxf6 Bxf6 40. Rh3 Rg5 0-1


[Site "https://www.chess.com"]

[Event "Titled Tuesday Blitz June 21 Late 2022"]
[White "Zhu, Jiner"]
[Black "Chigaev, Maksim"]
[WhiteFideId "8608059"]
[BlackFideId "4108116"]
[WhiteElo "2281"]
[BlackElo "2457"]
[Result "0-1"]
[Round "05"]
[TimeControl "180+1"]
[Date "2022.06.21"]
[WhiteClock "0:00:11"]
[BlackClock "0:00:07"]

1. e4 c5 2. Nf3 d6 3. d4 cxd4 4. Nxd4 Nf6 5. Nc3 a6 6. Be3 e5 7. Nf3 Be7 8. Bc4 Be6 9. Bb3 Nbd7 10. O-O Rc8 11. Qe2 Qc7 12. Bg5 h6 13. Bxf6 Nxf6 14. Rfd1 O-O 15. Ne1 b5 16. Nd5 Nxd5 17. Bxd5 Bxd5 18. Rxd5 Qc4 19. Qxc4 Rxc4 20. f3 g6 21. a3 f5 22. exf5 gxf5 23. c3 Kf7 24. Nc2 Ke6 25. Rad1 h5 26. g3 Rfc8 27. Ne3 R4c5 28. R5d3 a5 29. Nd5 Bf8 30. Kf2 R5c6 31. Re1 Bh6 32. Nf4+ Bxf4 33. gxf4 b4 34. axb4 axb4 35. fxe5 dxe5 36. cxb4 Rc2+ 37. Re2 Rxe2+ 38. Kxe2 Rc2+ 39. Rd2 Rc4 40. Kd3 Rf4 41. b5 Rb4 42. Kc3 Rxb5 43. b4 Rb8 44. Kc4 Rc8+ 45. Kb3 e4 46. fxe4 fxe4 47. b5 Ke5 48. Rd7 Re8 49. Kb4 e3 50. Rd1 e2 51. Re1 Kd4 52. b6 Ke3 53. Kc5 Kf2 54. Ra1 e1=Q 55. Rxe1 Rxe1 0-1


[Site "https://www.chess.com"]

[Event "Titled Tuesday Blitz June 21 Late 2022"]
[White "Zhurbinsky, David"]
[Black "Murzin, Volodar"]
[WhiteFideId "2072904"]
[BlackFideId "44155573"]
[WhiteElo "2558"]
[BlackElo "2585"]
[Result "1-0"]
[Round "05"]
[TimeControl "180+1"]
[Date "2022.06.21"]
[WhiteClock "0:00:08"]
[BlackClock "0:00:03"]

1. e4 c6 2. d4 d5 3. Nd2 dxe4 4. Nxe4 Bf5 5. Ng3 Bg6 6. Nf3 Nd7 7. h4 h6 8. Bd3 Bxd3 9. Qxd3 e6 10. Bf4 Bb4+ 11. c3 Be7 12. O-O-O Ngf6 13. Kb1 Qb6 14. Ne5 Rd8 15. Ne4 Nxe4 16. Qxe4 Nf6 17. Qf3 Qa5 18. c4 O-O 19. g4 Nd7 20. g5 Nxe5 21. Bxe5 f6 22. gxf6 Bxf6 23. Qg4 Bxe5 24. Qxe6+ Kh7 25. dxe5 Rxf2 26. h5 Qb6 27. Qg6+ Kh8 28. Rxd8+ Qxd8 29. Rg1 Qe7 30. Rd1 Rf8 31. e6 1-0


[Site "https://www.chess.com"]

[Event "Titled Tuesday Blitz June 21 Late 2022"]
[White "Zlatin, Alexander"]
[Black "Riehle, Marco"]
[WhiteFideId "2810549"]
[BlackFideId "12904392"]
[WhiteElo "2228"]
[BlackElo "2462"]
[Result "1-0"]
[Round "05"]
[TimeControl "180+1"]
[Date "2022.06.21"]
[WhiteClock "0:00:05"]
[BlackClock "0:00:53"]

1. d4 e6 2. Nc3 f5 3. e4 fxe4 4. Nxe4 Nf6 5. Bd3 Be7 6. Nf3 O-O 7. O-O b6 8. Qe2 Bb7 9. c3 Qe8 10. Nfg5 h6 11. Nxf6+ Rxf6 12. Nh7 Rg6 13. Bxg6 Qxg6 14. f3 Qxh7 15. Bf4 Bd6 16. Bxd6 cxd6 17. Rae1 Qf5 18. g4 Qf4 19. Qe3 Qxe3+ 20. Rxe3 Nc6 21. f4 Rf8 22. f5 e5 23. d5 Na5 24. Rd1 b5 25. h3 Nc4 26. Re2 Nb6 27. Red2 g6 28. fxg6 Kg7 29. Rf2 Rxf2 30. Kxf2 Kxg6 31. b3 Kf6 32. h4 Nxd5 33. c4 bxc4 34. bxc4 Nb6 35. Rxd6+ Ke7 36. Rxh6 Nxc4 37. Rh7+ Ke6 38. Rh6+ Ke7 39. Rh7+ Ke6 40. Rh6+ Kd5 41. Rh7 Bc6 42. g5 Nd2 43. g6 Ne4+ 44. Ke1 Nf6 45. g7 d6 46. Rh8 Ke4 47. g8=Q Nxg8 48. Rxg8 Kf5 49. h5 Kf6 50. h6 Be4 51. Rg3 d5 52. Kd2 d4 53. Rg1 Bg6 54. a4 a5 55. Ke2 e4 56. Kd2 Bf5 57. Rg2 Ke5 58. Rg5 e3+ 59. Ke2 Ke4 60. Rxf5 d3+ 61. Ke1 e2 62. Rf8 Ke3 63. Re8+ Kd4 64. h7 Kc3 65. Rc8+ Kb3 66. h8=Q Ka2 67. Qc3 Kb1 68. Qb3+ Ka1 69. Rc1# 1-0


[Site "https://www.chess.com"]

[Event "Titled Tuesday Blitz June 21 Late 2022"]
[White "Abarca Gonzalez, Nicolas"]
[Black "Paravyan, David"]
[WhiteFideId "3409422"]
[BlackFideId "4194985"]
[WhiteElo "2504"]
[BlackElo "2569"]
[Result "0-1"]
[Round "06"]
[TimeControl "180+1"]
[Date "2022.06.21"]
[WhiteClock "0:00:21"]
[BlackClock "0:02:16"]

1. e4 e5 2. Nf3 Nf6 3. Nxe5 d6 4. Nf3 Nxe4 5. d3 Nf6 6. d4 g6 7. Qe2+ Qe7 8. Qxe7+ Kxe7 9. c4 Bg7 10. Nc3 Re8 11. Bg5 Kf8+ 12. Kd2 Na6 13. h3 Bf5 14. a3 Ne4+ 15. Nxe4 Bxe4 16. Be3 c5 17. Kc3 Nc7 18. Kb3 Bxf3 19. gxf3 Bxd4 20. Bxd4 cxd4 21. Rd1 Ne6 22. Ka2 Rac8 23. b3 Rc5 24. Bd3 Re5 25. Be4 f5 26. Bxb7 Re2+ 27. Kb1 Rb8 28. Bd5 Rxb3+ 29. Kc1 Rxa3 30. Kb1 Nc5 31. Rhe1 Rxf2 0-1


[Site "https://www.chess.com"]

[Event "Titled Tuesday Blitz June 21 Late 2022"]
[White "Aldokhin, Ivan"]
[Black "Melikhov, Evgeny V."]
[WhiteFideId "24115720"]
[BlackFideId "4122046"]
[WhiteElo "2231"]
[BlackElo "1904"]
[Result "1-0"]
[Round "06"]
[TimeControl "180+1"]
[Date "2022.06.22"]
[WhiteClock "0:00:10"]
[BlackClock "0:00:04"]

1. d4 Nf6 2. c4 e6 3. Nc3 Bb4 4. e3 b6 5. Ne2 Ba6 6. a3 Bxc3+ 7. Nxc3 d5 8. b3 O-O 9. Be2 c5 10. dxc5 dxc4 11. Qxd8 Rxd8 12. cxb6 axb6 13. bxc4 Nbd7 14. Bb2 Rdc8 15. Nb5 Bxb5 16. cxb5 Rc2 17. Bxf6 Nxf6 18. Bf3 Ra5 19. Bc6 Rc3 20. a4 Rc4 21. O-O Raxa4 22. Rad1 g6 23. Rd8+ Kg7 24. Rb8 Nd5 25. Rb7 Ra2 26. Be8 Rc7 27. Rb8 Rcc2 28. Bc6 g5 29. h3 h5 30. Bxd5 exd5 31. Rxb6 g4 32. hxg4 hxg4 33. g3 Rab2 34. Rb7 Kg6 35. b6 Rc6 36. Rd7 Rcxb6 37. Rxd5 f5 38. Rd4 R2b4 39. Rfd1 Rb1 40. Kg2 Rxd1 41. Rxd1 Rb2 42. Rd4 Kf6 43. Rd6+ Ke5 44. Ra6 Rb3 45. Ra5+ Ke6 46. Ra4 Rb2 47. Rd4 Ke5 48. Rd1 Ra2 49. Kf1 Rb2 50. Ke1 Ke4 51. Rd2 Rb5 52. Rd4+ Ke5 53. Ke2 Rb3 54. Rd2 Ra3 55. Rb2 Rc3 56. Kd2 Ra3 57. Rb5+ Ke4 58. Rb4+ Ke5 59. Rc4 Ra2+ 60. Rc2 Ra3 61. Ke2 Rb3 62. Rc5+ Ke4 63. Rc4+ Ke5 64. Rc2 Ra3 65. Kf1 Ke4 66. Rc4+ Ke5 67. Kg2 Rb3 68. Rc8 Ra3 69. Re8+ Kf6 70. Rf8+ Ke5 71. Rd8 Rb3 72. Ra8 Rc3 73. Ra4 Rb3 74. Ra5+ Ke4 75. Ra4+ Ke5 76. f4+ Ke6 77. e4 Rb2+ 78. Kf1 fxe4 79. Rxe4+ Kf6 80. Re2 Rb3 81. Kg2 Rb5 82. Kf2 Ra5 83. Rb2 Rc5 84. Kg2 Ra5 85. Kh2 Rc5 86. Re2 Ra5 87. Kg2 Rb5 88. Rd2 Ra5 89. Kf2 Rb5 90. Ke3 Rb3+ 91. Rd3 Rb5 92. Ke4 Rb4+ 93. Rd4 Rb3 94. Rd6+ Ke7 95. Rd3 Rb5 96. f5 Kf6 97. Rd6+ Kf7 98. Kf4 Rb4+ 99. Kg5 Kg7 100. Rd7+ Kf8 101. Kg6 Rb6+ 102. f6 Rb8 103. Rh7 1-0


[Site "https://www.chess.com"]

[Event "Titled Tuesday Blitz June 21 Late 2022"]
[White "Al-Tarboush, Ward"]
[Black "Melaugh, Shane"]
[WhiteFideId "7601450"]
[BlackFideId "2509580"]
[WhiteElo "2578"]
[BlackElo "2429"]
[Result "1-0"]
[Round "06"]
[TimeControl "180+1"]
[Date "2022.06.22"]
[WhiteClock "0:00:53"]
[BlackClock "0:00:03"]

1. e4 e6 2. d4 d5 3. exd5 exd5 4. Bd3 Bd6 5. Nc3 c6 6. Nge2 Ne7 7. Bg5 f6 8. Bh4 Bg4 9. f3 Bf5 10. Bg3 O-O 11. Qd2 b5 12. O-O-O a6 13. Rdg1 a5 14. Bxd6 Qxd6 15. g4 Bxd3 16. Qxd3 Nd7 17. h4 Nb6 18. g5 b4 19. Nd1 Nc4 20. h5 fxg5 21. Rxg5 Qh6 22. Rg1 Rf5 23. f4 Raf8 24. Rxg7+ Qxg7 25. Rxg7+ Kxg7 26. b3 Nd6 27. Ne3 Rxh5 28. Ng3 Rh6 29. Ng4 Rg6 30. Ne5 Rh6 31. Qf3 Ng6 32. f5 Rh4 33. Nxc6 Kh8 34. Qxd5 1-0


[Site "https://www.chess.com"]